cohdb
Replays
Latest Replays
All Replays
Popular Replays
Top Player Replays
Match Explorer
How It Works
Community
CoH3 Stats
Reddit
Sign in to upload your games and track your stats! →
Sign in with Steam
Match 41854345
Unlisted
Match 41854345
Overview
Messages
Build Orders
End
Selects Heavy Armor Battlegroup
Royal Engineer Section
Construct Section Command Post
Vickers Machine Gun Team
Infantry Section
ML 3-inch Mortar Team
Construct Platoon Command Post
Humber Armored Car
Selects Engineer Detachments
Grenade Package
Infantry Section
Selects Forward Repair Assembly
Construct Company Command Post
Selects Light Vehicle Withdraw and Refit
ML 3-inch Mortar Team
Crusader II Medium Tank
Construct Field Infirmary
matjouz
Sarmynation
D10D
egor5678
0
0
Comments
sign in to comment!
No comments posted yet!